AoeStats
← cjcypher76

Nomad

510245372Analyzed
4v4 RM · 19h ago on Sep 30, 2026· 31m 37s· 8 players
Game mode
Random Map
Map size
231×231
Population
200
Speed
Normal
Resources
Standard
Victory
Conquest
Starting age
Dark Age
Ending age
Imperial Age
RankedLock teamsTeams togetherTeam positionsShared explorationLock speedFull tech treeHidden civsTurbo modeCheats
Victory
Defeat
🇪🇨 Mongols · Ecuador
760
+6
🇺🇸 Burgundians · United States
683
+8
🇵🇪 Vietnamese · Peru
575
+12
🇲🇽 Gurjaras · Mexico
338
+22
🇺🇸 Burgundians · United States
542
-14
🇲🇽 Spanish · Mexico
495
-12
🇷🇴 Britons · Romania
473
-11
🇮🇩 Persians · Indonesia
467
-11
K1NG
4:54 Loom
21:32 Feudal Age
22:58 Wheelbarrow
22:49 Double-Bit Axe
23:20 Horse Collar
Jorge_19
17:28 Feudal Age
17:55 Double-Bit Axe
17:51 Horse Collar
18:32 Man-at-Arms
19:26 Bloodlines
24:13 Fishing Lines
28:08 Castle Age
27:21 Scale Barding Armor
27:19 Padded Archer Armor
27:11 Fletching
28:47 Gillnets
29:21 Chain Barding Armor
29:21 Stone Mining
28:59 Light Cavalry
30:34 Bow Saw
plouga
3:35 Loom
10:25 Wheelbarrow
14:37 Double-Bit Axe
15:37 Horse Collar
19:34 Feudal Age
19:48 Fishing Lines
20:33 Stone Mining
20:34 Gold Mining
21:23 Gillnets
22:07 Bow Saw
22:10 Town Watch
23:54 Heavy Plow
25:05 Gold Shaft Mining
30:15 Scale Barding Armor
30:21 Forging
33:53 Castle Age
genkogenka
9:01 Loom
21:57 Feudal Age
30:25 Horse Collar
Junior
7:02 Loom
13:17 Feudal Age
19:28 Castle Age
17:41 Horse Collar
19:09 Bloodlines
19:06 Town Watch
21:15 Double-Bit Axe
25:15 Heavy Plow
26:15 Gold Mining
30:04 Wheelbarrow
30:43 Husbandry
31:30 Fletching
32:18 Ballistics
cjcypher76
12:23 Fishing Lines
14:10 Double-Bit Axe
14:49 Horse Collar
18:09 Feudal Age
19:33 Heavy Plow
19:38 Gillnets
23:57 Castle Age
24:05 Fletching
24:15 Padded Archer Armor
25:58 Bodkin Arrow
26:18 Leather Archer Armor
27:23 Crop Rotation
Wendy9235
5:32 Loom
16:50 Feudal Age
18:16 Double-Bit Axe
21:13 Wheelbarrow
20:30 Fishing Lines
24:04 Town Watch
26:09 Horse Collar
26:51 Bloodlines
31:06 Castle Age
30:22 Stone Mining
31:07 Gold Mining
31:46 Forging
31:40 Scale Mail Armor
Althair
15:22 Feudal Age
15:51 Town Watch
15:55 Double-Bit Axe
17:24 Horse Collar
21:23 Wheelbarrow
21:29 Wheelbarrow
26:44 Castle Age
25:22 Fletching
25:32 Padded Archer Armor
28:32 Crossbowman
29:17 Stone Mining
29:22 Gold Mining
29:39 Heavy Plow
29:53 Bow Saw
31:09 Hand Cart
31:16 Town Patrol
31:15 Bodkin Arrow
31:41 Thumb Ring
Connection lost

Rejoining the realm…

Still unreachable

The connection could not be restored.

Session expired

The server has moved on; the page needs a fresh start.